 Seeded DCSS version 0.28-a0-1567-g1695149f81 (webtiles) character file.

Game seed: 156 (custom seed)

1002 knot the Cleaver (level 8, 51/58 HPs)
             Began as a Demonspawn Berserker on Jan 19, 2022.
             Was a Believer of Trog.
             Quit the game on level 5 of the Dungeon.
             The game lasted 00:05:01 (5459 turns).

knot the Cleaver (Demonspawn Berserker)             Turns: 5459, Time: 00:05:02

Health: 51/58      AC:  5    Str: 19    XL:     8   Next: 0%
Magic:  8/8        EV: 11    Int: 10    God:    Trog [**....]
Gold:   166        SH:  0    Dex: 12    Spells: 7/7 levels left

rFire   . . .      SeeInvis .   b - +2 war axe (freeze)
rCold   . . .      Faith    +   (no shield)
rNeg    . . .      Spirit   .   n - +0 ring mail
rPois   .          Reflect  .   (no helmet)
rElec   .          Harm     .   (no cloak)
rCorr   .          Rampage  +   (no gloves)
Will    .....                   (no boots)
Stlth   +.........              q - amulet of Greed {Faith Rampage}
HPRegen 1.19/turn               (no ring)
MPRegen 0.11/turn               (no ring)

@: no status effects
A: hooves 2, foul stench 1, powered by death 1, sturdy frame 1
a: Renounce Religion, Berserk, Trog's Hand


You were on level 5 of the Dungeon.
You worshipped Trog.
Trog was pleased with you.
You visited 1 branch of the dungeon, and saw 5 of its levels.

You collected 166 gold pieces.

Inventory:

Hand Weapons
 a - a +0 hand axe
 b - a +2 war axe of freezing (weapon)
 h - a +2 halberd of flaming
Missiles
 e - 140 stones
 p - 5 boomerangs
 s - 11 poisoned darts (quivered)
 x - 15 sling bullets
Armour
 n - a +0 ring mail (worn)
Jewellery
 q - the amulet of Greed (around neck) {Faith Rampage}
   (You found it on level 4 of the Dungeon)

   [amulet of faith]

   It allows you to gain divine favour quickly.
   Rampage:   It bestows one free step when moving towards enemies.
 u - an amulet of guardian spirit
 v - an amulet of reflection
Wands
 y - a wand of mindburst (12)
Scrolls
 c - 4 scrolls of identify {unknown}
 d - 2 scrolls of fear {unknown}
 g - a scroll of enchant armour {unknown}
 j - a scroll of immolation {unknown}
 k - 2 scrolls of vulnerability {unknown}
 l - 2 scrolls of brand weapon {unknown}
 m - a scroll of teleportation {unknown}
 r - a scroll of amnesia {unknown}
Potions
 f - 2 potions of attraction {unknown}
 i - 3 potions of curing {unknown}
 o - a potion of heal wounds {unknown}
 t - a potion of ambrosia {unknown}
 w - a potion of invisibility {unknown}
 z - a potion of mutation {unknown}
 A - a potion of cancellation {unknown}


   Skills:
 - Level 3.0 Fighting
 + Level 9.0 Axes
 - Level 1.7 Armour
 - Level 1.7 Dodging


You had 7 spell levels left.
You didn't know any spells.
Your spell library contained the following spells:

 Spells                   Type           Power      Damage    Failure   Level
 Animate Skeleton         Necr           0%         N/A       45%         1
 Pain                     Necr           0%         1d4       45%         1
 Dazzling Flash           Conj/Hex       0%         N/A       83%         3
 Ozocubu's Armour         Ice            0%         N/A       83%         3
 Summon Guardian Golem    Hex/Summ       0%         N/A       83%         3
 Vampiric Draining        Necr           0%         2d6       83%         3
 Iskenderun's Mystic Bla  Conj/Tloc      0%         2d3       99%         4
 Metabolic Englaciation   Hex/Ice        0%         N/A       100%        5
 Simulacrum               Ice/Necr       0%         N/A       100%        6
 Starburst                Conj/Fire      0%         6d3       100%        6
 Orb of Destruction       Conj           0%         9d5       100%        7
 Spellforged Servitor     Conj/Summ      0%         N/A       100%        7


Dungeon Overview and Level Annotations

Branches:
Dungeon (5/15)
 Temple: D:4-7

Altars:

Shops:
D:1 !   D:2 :   D:4 *


Innate Abilities, Weirdness & Mutations

You have hoof-like feet.
You may rarely emit foul miasma when damaged in melee.
You regenerate a little health from kills.
Your movements are slightly less encumbered by armour. (ER -2)


Message History

The necrophage closely misses you.
The orc priest calls upon Beogh to heal the orc.
The orc's wounds heal themselves!
You slash the necrophage! You freeze the necrophage.
The necrophage is heavily damaged.
You hit the orc but do no damage. You barely miss the orc.
The necrophage hits you. The orc closely misses you.
You closely miss the necrophage.
The necrophage is heavily damaged.
You slash the orc! You freeze the orc.
You kill the orc!
Trog accepts your kill.
You hit the orc priest. You freeze the orc priest. You closely miss the orc.
The necrophage misses you. The orc hits you with a +0 club.
The orc priest mumbles some strange prayers to Beogh against you.
You struggle to resist.
You slash the necrophage! You freeze the necrophage.
You destroy the necrophage!
Trog accepts your kill.
You slash the orc priest! You freeze the orc priest. You barely miss the orc.
The orc hits you but does no damage. The orc priest misses you.
You barely miss the orc priest.
The orc priest is severely wounded.
You hit the orc but do no damage. The orc closely misses you.
The orc priest hits you with a +0 mace.
You closely miss the orc priest.
The orc priest is severely wounded.
You barely miss the orc. The orc hits you with a +0 club.
The orc priest barely misses you.
You hit the orc priest but do no damage.
You kick the orc priest.
You kill the orc priest!
Trog accepts your kill.
You closely miss the orc. The orc hits you with a +0 club.
The orc barely misses you.
Your Axes skill increases to level 9!
You have reached level 8!
You feel stronger.
Your demonic ancestry asserts itself...
You begin to emit a foul stench of rot and decay.
Are you sure you want to abandon this character and quit the game? (Confirm with "yes".)

#..# #
#..#.+
##.###.#
##.###
#..#...#
#..#
#......#
#..##
#......##
###...##
........#
##..?...#
.#......#
##.......#
.##.....#
##........#
.# #...##
#.....@)..#
.# #..#
#....†o)..#
.## ###
#.........#
..#
#....$....#
..#
#.........#
..##
#..........
...###
#..........#
.....##
##.......#.#
.....>##


You could see an orc.

Vanquished Creatures
  A necrophage (D:5)
  2 ogres (D:5)
  A black bear (D:4)
  A water moccasin zombie (D:5)
  2 water moccasin skeletons (D:4)
  An orc priest (D:5)
  3 hounds
  A centaur skeleton (D:4)
  2 iguanas (D:5)
  Terence (D:2)
  Natasha (thrice) (D:2)
  A hound skeleton (D:4)
  4 gnolls
  2 adders (D:4)
  A white imp (D:5)
  An ufetubus (D:4)
  2 adder skeletons
  A worm (D:3)
  5 dart slugs
  16 orcs
  2 bats
  7 endoplasms
  4 giant cockroaches
  8 goblins
  5 hobgoblins
  10 jackals
  4 ball pythons
  4 frilled lizards
  4 kobolds
  5 rats
104 creatures vanquished.

Notes
Turn   | Place    | Note
-------+----------+-------------------------------------------
     0 | D:1      | knot the Demonspawn Berserker began the quest for the Orb.
     0 | D:1      | Reached XP level 1. HP: 18/18 MP: 1/1
    99 | D:1      | Reached skill level 3 in Axes
   102 | D:1      | Found Wyigosygh's Distillery.
   131 | D:1      | Gained mutation: Your movements are slightly less
                  | encumbered by armour. (ER -2) [demonic ancestry]
   131 | D:1      | Reached XP level 2. HP: 13/24 MP: 2/2
   719 | D:1      | Found a faded altar of an unknown god.
  1097 | D:1      | You fall into a shaft and drop 1 floor!
  1113 | D:2      | Reached skill level 4 in Axes
  1113 | D:2      | Reached XP level 3. HP: 12/29 MP: 3/3
  1118 | D:2      | Reached XP level 4. HP: 11/35 MP: 4/4
  1408 | D:2      | Found Duuckuh's Book Emporium.
  1416 | D:2      | Noticed Terence
  1446 | D:2      | Killed Terence
  1447 | D:2      | Reached skill level 5 in Axes
  2201 | D:2      | Noticed Natasha
  2205 | D:2      | Killed Natasha
  2206 | D:2      | Gained mutation: You have large cloven feet. [demonic
                  | ancestry]
  2206 | D:2      | Reached XP level 5. HP: 41/41 MP: 5/5
  2446 | D:2      | Noticed Natasha
  2449 | D:2      | Killed Natasha
  2449 | D:2      | Reached ** piety under Trog
  2541 | D:2      | Noticed Natasha
  2546 | D:2      | Killed Natasha
  2860 | D:3      | Reached skill level 6 in Axes
  3506 | D:4      | Gained mutation: You have hoof-like feet. [demonic
                  | ancestry]
  3506 | D:4      | Reached XP level 6. HP: 47/47 MP: 6/6
  3542 | D:4      | Identified the amulet of Greed {Faith Rampage}
  3983 | D:4      | Reached skill level 7 in Axes
  3986 | D:4      | Gained mutation: You regenerate a little health from kills.
                  | [demonic ancestry]
  3986 | D:4      | Reached XP level 7. HP: 50/52 MP: 7/7
  4362 | D:4      | Found Viceduc's General Store.
  4757 | D:5      | Entered Level 5 of the Dungeon
  4777 | D:5      | Reached skill level 8 in Axes
  5459 | D:5      | Reached skill level 9 in Axes
  5459 | D:5      | Gained mutation: You may rarely emit foul miasma when
                  | damaged in melee. [demonic ancestry]
  5459 | D:5      | Reached XP level 8. HP: 51/58 MP: 8/8
  5459 | D:5      | Quit the game

Illustrated notes

Levels and vault maps discovered:
D:1:      ncdulo_watergridlock, layout_loops_ring, serial_shops, shop_statue,
          dilly_ecumenical_altar_fadedgnrine
D:2:      layout_loops_ring, serial_shops, shop, hangedman_decor_points,
          uniq_terence, uniq_natasha
D:3:      layout_loops_ring, dk_noncrumbling_4
D:4:      layout_loops_cross, serial_shops, shop_statue
D:5:      layout_cave_pods, mainiacjoe_overflow_24_doors,
          mainiacjoe_overflow_divided_tiny, minmay_temple_entry_junction

Skill      XL: |  1  2  3  4  5  6  7 |
---------------+----------------------+-----
Axes           | 3 4 5 6 7 9 |  9.0
Fighting       | |  3.0
Armour         | |  1.7
Dodging        | |  1.7

Action                   |  1- 3 |  4- 6 |  7- 9 || total
-------------------------+-------+-------+-------++-------
Melee: Hand axe          |    53 |     1 |       ||    54
       Halberd           |       |   155 |       ||   155
       Kick              |       |    20 |    14 ||    34
       War axe           |       |    11 |    49 ||    60
       Punch             |       |       |     1 ||     1
Throw: Dart              |       |     5 |       ||     5
Invok: Berserk           |     3 |     4 |     2 ||     9
 Stab: Sleeping          |     1 |       |       ||     1
Armor: Animal skin       |     5 |     9 |       ||    14
       Ring mail         |       |    39 |    12 ||    51
Dodge: Dodged            |    31 |    83 |    31 ||   145

Table legend: (Time is in decaauts)
 A = Elapsed time spent in this place.
 B = Non-inter-level travel time spent in this place.
 C = Inter-level travel time spent in this place.
 D = Time resting spent in this place.
 E = Time spent auto-exploring this place.
 F = Levels seen in this place.
 G = Mean time per level.
                   A        B        C        D        E       F      G
               +--------+--------+--------+--------+--------+-----+--------+
         Total |   5593 |   5493 |    100 |   2128 |   2696 |   5 | 1118.6 |
       Dungeon |   5593 |   5493 |    100 |   2128 |   2696 |   5 | 1118.6 |
               +--------+--------+--------+--------+--------+-----+--------+

Top non-repeatable levels by time:
     D:2: 1592 daAuts
     D:4: 1376 daAuts
     D:1: 1124 daAuts
     D:3: 779 daAuts
     D:5: 720 daAuts
